 Dungeon Crawl Stone Soup version 0.30-a0-172-gc5509c9e31 (webtiles) character file.

Game seed: 12335265193095650976

66 KennySheep the Trooper (level 3, 0/31 HPs)
             Began as a Palentonga Fighter on Oct 1, 2022.
             Was a Follower of Uskayaw.
             Slain by Jessica
             ... wielding a +0 club
              (5 damage)
             ... on level 2 of the Dungeon.
             The game lasted 00:03:52 (1039 turns).

KennySheep the Trooper (Palentonga Fighter)         Turns: 1039, Time: 00:03:52

Health: 0/31       AC:  6    Str: 29    XL:     3   Next: 96%
Magic:  3/3        EV:  7    Int:  8    God:    Uskayaw [*.....]
Gold:   82         SH:  4    Dex:  9    Spells: 2/2 levels left

rFire   . . .      SeeInvis +    a - +0 war axe
rCold   . . .      Faith    .    c - +0 buckler
rNeg    . . .      Spirit   .    b - +0 scale mail
rPois   .          Reflect  .    (no helmet)
rElec   .          Harm     .    (no cloak)
rCorr   .          Rampage  .    (no gloves)
Will    .....                    (no barding)
Stlth   ..........               (no amulet)
HPRegen 0.25/turn                n - +6 ring of strength
MPRegen 0.08/turn                (no ring)

@: no status effects
A: large, rugged brown scales 3, see invisible, deformed body, roll 1, armoured
tail
a: Rolling Charge, Renounce Religion, Stomp


You were on level 2 of the Dungeon.
You worshipped Uskayaw.
Uskayaw was noncommittal.
You visited 1 branch of the dungeon, and saw 2 of its levels.

You collected 82 gold pieces.

Inventory:

Hand Weapons
 a - a +0 war axe (weapon)
Armour
 b - a +0 scale mail (worn)
 c - a +0 buckler (worn)
Jewellery
 n - a +6 ring of strength (left hand)
Scrolls
 e - 2 scrolls of noise {unknown}
 f - a scroll of amnesia {unknown}
 h - a scroll of silence {unknown}
 i - a scroll of immolation {unknown}
 k - a scroll of enchant armour {unknown}
 l - a scroll of blinking {unknown}
 m - a scroll of identify {unknown}
Potions
 d - a potion of might
 g - 2 potions of heal wounds {unknown}
 j - a potion of ambrosia {unknown}


   Skills:
 + Level 3.4 Fighting
 * Level 3.2 Axes
 + Level 2.8 Armour
 - Level 2.6 Shields
 + Level 1.1 Invocations


You had 2 spell levels left.
You didn't know any spells.
Your spell library contained the following spells:

 Spells                   Type           Power      Damage    Failure   Level
 Ignite Poison            Fire/Tmut/Pois 0%         N/A       98%         3
 Sticky Flame             Conj/Fire      0%         2d3       100%        4
 Ignition                 Fire           0%         3d3       100%        8


Dungeon Overview and Level Annotations

Branches:
Dungeon (2/15)

Altars:
Uskayaw

Shops:
D:1 =

Annotations:
D:2 Jessica


Innate Abilities, Weirdness & Mutations

You are completely covered in rugged brown scales. (AC +3, +7% HP)
You have supernaturally acute eyesight. (SInv)
Armour fits poorly on your strangely shaped body.
You can roll at nearby foes to attack.
You have a long armoured tail.


Message History

No target in view!
A kobold is nearby!
The kobold throws a stone.
You block the stone. The kobold hits you with a +0 club.
You slash the kobold!
You kill the kobold!
No target in view!
Things that are here:
a +0 club; a stone; a kobold corpse You open the door.
There is an open door here.
You open the door.
There is an open door here.
Jessica the Apprentice Sorceress comes into view.
She is wielding a +0 club.
Jessica shouts!
You hear a shout!
Jessica is nearby!
A goblin comes into view. It is wielding a +0 club.
Jessica drinks a potion.
Jessica suddenly seems more resistant.
You closely miss Jessica. Jessica hits you with a +0 club.
You hit Jessica.
Jessica is moderately wounded.
Jessica hits you with a +0 club.
You closely miss Jessica.
Jessica is moderately wounded.
Jessica barely misses you.
Jessica points at you and mumbles some strange words.
You barely resist. You barely miss Jessica.
Jessica is moderately wounded.
Jessica hits you with a +0 club.
You barely miss Jessica.
Jessica is moderately wounded.
Jessica hits you with a +0 club.
You completely miss Jessica.
Jessica is moderately wounded.
Jessica casts a spell at you. Pain shoots through your body!
* * * LOW HITPOINT WARNING * * *
Jessica hits you with a +0 club.
You die...

### ..# #.# #.#
##.#####.#######
#..g@@..........
#..#####.###### #
#....# #.#### #.#
### #.# #..
#.###########.. #
#.......#...'..
#.#.##.###..###..


You could see Jessica (resistant) and a goblin.

Vanquished Creatures
  A gnoll (D:1)
  An adder (D:2)
  A worm (D:2)
  2 dart slugs
  4 ball pythons
  3 endoplasms (D:1)
  A giant cockroach (D:1)
  2 goblins
  7 hobgoblins (D:1)
  A quokka (D:1)
  6 bats
  2 frilled lizards (D:1)
  5 kobolds
  2 rats (D:1)
38 creatures vanquished.

Notes
Turn   | Place    | Note
-------+----------+-------------------------------------------
     0 | D:1      | KennySheep the Palentonga Fighter began the quest for the
                  | Orb.
     0 | D:1      | Reached XP level 1. HP: 19/19 MP: 1/1
    45 | D:1      | Reached XP level 2. HP: 18/25 MP: 2/2
   100 | D:1      | Found a faded altar of an unknown god.
   107 | D:1      | Prayed at the altar of an unknown god.
   107 | D:1      | Became a worshipper of Uskayaw the Reveller
   107 | D:1      | Reached * piety under Uskayaw
   118 | D:1      | Reached ** piety under Uskayaw
   144 | D:1      | Reached *** piety under Uskayaw
   346 | D:1      | Found Ytak's Jewellery Emporium.
   568 | D:1      | Reached XP level 3. HP: 30/31 MP: 3/3
   844 | D:2      | Reached skill level 1 in Invocations
  1030 | D:2      | Noticed Jessica
  1039 | D:2      | Slain by Jessica

Illustrated notes

Levels and vault maps discovered:
D:1:      dpeg_arrival_round_b, layout_basic, serial_shops, shop_fountains,
          ebering_ecumenical_altar_rust, hangedman_decor_riveting
D:2:      layout_basic, grunt_ministairs_5, uniq_jessica

Skill      XL: |  1  2  3 |
---------------+----------+-----
Axes           | 3 |  3.2
Invocations    | 1 |  1.1
Fighting       | |  3.4
Armour         | |  2.8
Shields        | |  2.6

Action                   || total
-------------------------++-------
Melee: War axe           ||    89
       Tailslap          ||     9
Armor: Scale mail        ||    45
Dodge: Dodged            ||    32
Block: Buckler           ||    12

Table legend: (Time is in decaauts)
 A = Elapsed time spent in this place.
 B = Non-inter-level travel time spent in this place.
 C = Inter-level travel time spent in this place.
 D = Time resting spent in this place.
 E = Time spent auto-exploring this place.
 F = Levels seen in this place.
 G = Mean time per level.
                   A        B        C        D        E       F      G
               +--------+--------+--------+--------+--------+-----+--------+
         Total |   1073 |   1069 |      4 |      0 |    831 |   2 |  536.5 |
       Dungeon |   1073 |   1069 |      4 |      0 |    831 |   2 |  536.5 |
               +--------+--------+--------+--------+--------+-----+--------+

Top non-repeatable levels by time:
     D:1: 787 daAuts
     D:2: 286 daAuts
